Map: 2000 Atmospheres LE

Players

Clem - Winner!

  • Race: Terran Terran

MaxPax

  • Race: Protoss Protoss

Event: DreamHack SC2 Masters 2021 Fall

VOD

Have the link to the VOD?

Description

Time

  • Played on: Aug. 8, 2021, 11:40 a.m.
  • Length: 20:08

All games in this series

Show
View Real Time Build Order
Export as new Build Order

Clem Terran - Winner!

Build Orders:  

Get SALT Encoding   

  12  0:00  SCV  
  13  0:12  SCV  
  14  0:17  Supply Depot  
  14  0:24  SCV  
  15  0:38  SCV  
  15  0:39  Barracks  
  16  0:43  Refinery  
  16  0:50  SCV  
  17  1:03  SCV  
  18  1:15  SCV  
  19  1:26  Barracks Reactor  
  19  1:27  Orbital Command  
  19  1:45  Command Center  
  19  1:52  SCV  
  20  1:54  Supply Depot  
  20  2:02  Marine  
  20  2:03  Marine  
  20  2:04  SCV  
  23  2:16  SCV, Factory  
  23  2:21  Marine x2  
  26  2:28  SCV  
  26  2:29  Refinery  
  27  2:39  Marine x2  
  27  2:41  SCV  
  30  2:53  SCV  
  31  3:01  Marine x2, Starport  
  31  3:02  Widow Mine  
  35  3:06  Orbital Command  
  35  3:09  SCV  
  36  3:19  Marine x2  
  37  3:21  SCV  
  37  3:23  Widow Mine  
  38  3:30  Supply Depot  
  38  3:33  SCV  
  39  3:34  SCV  
  39  3:37  Medivac  
  39  3:40  Marine  
  39  3:41  Marine  
  44  3:45  Widow Mine  
  46  3:51  SCV x2  
  46  3:52  Supply Depot  
  48  3:56  Barracks  
  48  4:03  SCV x2  
  48  4:09  Factory Tech Lab  
  50  4:10  Barracks, Starport Tech Lab  
  50  4:14  Marine x2  
  50  4:16  SCV x2  
  54  4:22  Supply Depot  
  54  4:28  SCV x2  
  58  4:35  Engineering Bay  
  58  4:39  Factory Reactor  
  58  4:40  Marine x2, SCV  
  58  4:41  SCV  
  58  4:50  Supply Depot  
  58  4:52  SCV  
  57  4:53  Refinery, SCV  
  57  4:54  Marine, Stimpack  
  57  4:57  Starport Reactor  
  57  4:58  Marine x2  
  61  5:03  Terran Infantry Weapons Level 1  
  61  5:04  Combat Shield  
  61  5:06  Marine  
  63  5:07  SCV  
  63  5:08  SCV  
  63  5:12  Marine  
  62  5:16  Marine  
  62  5:17  Widow Mine  
  62  5:18  Widow Mine  
  62  5:19  SCV  
  66  5:22  SCV  
  66  5:24  Marine, Supply Depot  
  66  5:25  Marine  
  69  5:30  Marine  
  69  5:31  SCV  
  69  5:33  Medivac  
  69  5:34  Medivac  
  75  5:38  Marine, Supply Depot, SCV  
  75  5:42  Widow Mine  
  78  5:46  Marine x2, Widow Mine  
  78  5:47  Refinery, SCV  
  83  5:50  Marine, SCV  
  83  5:56  Marine, Supply Depot  
  86  5:59  SCV  
  86  6:02  SCV  
  86  6:04  Marine  
  89  6:06  Marine, Supply Depot  
  89  6:08  Widow Mine, Medivac  
  89  6:11  Supply Depot  
  94  6:17  Marine, Medivac  
  94  6:18  Widow Mine  
  99  6:21  SCV  
  99  6:22  Marine, SCV  
  102  6:27  Marine x2  
  97  6:34  Widow Mine  
  97  6:35  Marine  
  100  6:40  Marine  
  100  6:46  Marine, Command Center  
  91  6:48  Widow Mine, Medivac  
  91  6:51  Marine  
  90  6:55  SCV  
  90  6:58  Marine x2  
  90  7:04  Marine  
  90  7:05  Medivac  
  90  7:06  Widow Mine  
  89  7:09  Marine  
  89  7:12  Barracks  
  89  7:13  Barracks  
  89  7:14  Widow Mine  
  89  7:16  Marine  
  89  7:21  Marine  
  89  7:22  Marine  
  92  7:23  Medivac  
  92  7:25  SCV  
  92  7:26  SCV  
  92  7:28  Marine, Supply Depot  
  97  7:34  Marine  
  97  7:35  Widow Mine  
  100  7:38  SCV x2  
  100  7:39  Marine, Supply Depot  
  100  7:42  Marine  
  100  7:49  Widow Mine, Marauder  
  102  7:51  Medivac  
  102  7:52  SCV x2  
  102  7:54  Terran Infantry Armor Level 1  
  104  7:58  Marine  
  104  8:00  Marauder  
  104  8:03  Orbital Command  
  104  8:04  SCV  
  107  8:05  Barracks Tech Lab  
  107  8:06  Barracks Reactor  
  107  8:11  SCV  
  106  8:14  Marauder  
  106  8:15  Marine, Widow Mine  
  106  8:16  Marine  
  106  8:17  SCV  
  106  8:18  Widow Mine  
  104  8:21  Marine  
  104  8:22  Viking  
  104  8:24  Marauder  
  104  8:25  Concussive Shells  
  104  8:27  SCV  
  110  8:29  SCV x2  
  112  8:34  Viking  
  112  8:36  Marauder  
  112  8:38  Armory  
  112  8:39  SCV  
  112  8:40  Widow Mine  
  112  8:41  SCV, Marauder  
  122  8:42  Widow Mine  
  122  8:43  Marine x3  
  122  8:47  Marauder  
  126  8:48  Marine  
  126  8:50  SCV  
  126  8:53  SCV x2  
  130  8:57  Marauder  
  130  9:00  Viking  
  130  9:01  Marine x2  
  130  9:02  Marine x2  
  137  9:03  Supply Depot  
  137  9:04  Engineering Bay  
  137  9:08  Refinery x2, Marauder  
  137  9:09  Viking  
  142  9:14  Marine  
  143  9:18  Marine, Marauder  
  143  9:21  Marauder  
  147  9:24  Marine x2  
  147  9:29  Marauder  
  147  9:30  Viking  
  153  9:31  Widow Mine  
  153  9:32  Widow Mine  
  153  9:33  Command Center  
  153  9:36  Ghost Academy  
  157  9:52  Terran Infantry Weapons Level 2  
  157  9:55  Terran Infantry Armor Level 2  
  157  10:06  Supply Depot  
  157  10:08  Supply Depot  
  157  10:09  Viking x2, Widow Mine, Marauder  
  157  10:13  Marine x2  
  165  10:17  SCV x2  
  165  10:18  Marine, SCV  
  165  10:25  Marine, Marauder  
  165  10:27  Marauder  
  165  10:28  Widow Mine  
  165  10:30  Ghost  
  165  10:31  Marine x2, Widow Mine  
  165  10:35  Barracks x3  
  157  10:38  Marine  
  157  10:41  Viking  
  151  10:43  Marine  
  151  10:45  Viking  
  151  10:47  Marauder, Ghost  
  144  10:51  Marine  
  144  10:52  Marine  
  144  10:53  Widow Mine  
  144  10:55  Widow Mine  
  150  10:59  Ghost  
  150  11:01  Missile Turret  
  150  11:02  Marine x2  
  154  11:06  Terran Ship Weapons Level 1  
  154  11:07  Ghost  
  154  11:09  Marine  
  154  11:10  Marine  
  154  11:16  Ghost  
  147  11:20  Marine x2  
  147  11:24  Viking  
  144  11:27  Viking, Ghost  
  144  11:30  Barracks Reactor, Barracks Tech Lab x2  
  144  11:31  Marine x2  
  150  11:36  Marauder  
  152  11:40  Planetary Fortress  
  152  11:42  SCV  
  152  11:44  SCV x2  
  152  11:45  Marine x2, Marauder  
  157  11:54  Marine x2, Viking  
  159  11:56  Marine, Starport, Marauder  
  159  11:58  Marauder  
  168  12:02  Ghost  
  168  12:05  Refinery x2, Missile Turret  
  168  12:06  SCV x2  
  168  12:07  SCV  
  173  12:17  Terran Infantry Weapons Level 3  
  173  12:18  SCV x2  
  173  12:19  SCV x2  
  173  12:20  Ghost  
  173  12:21  Marine x3  
  176  12:24  Marine x2  
  176  12:25  Marine  
  176  12:29  Viking  
  181  12:30  SCV  
  181  12:31  Viking  
  181  12:34  Marauder  
  181  12:35  Marauder  
  188  12:38  Marauder  
  188  12:41  Marauder  
  192  12:47  Marine x5  
  196  12:51  Supply Depot  
  195  13:04  Command Center  
  195  13:09  Sensor Tower  
  195  13:10  Marine  
  196  13:12  Marine x2  
  196  13:13  Marauder  
  196  13:15  Terran Infantry Armor Level 3  
  200  13:22  Viking  
  200  13:23  Viking  
  200  13:27  SCV  
  200  13:29  Marauder  
  200  13:30  SCV  
  200  13:31  Marine x2, Marauder  
  200  13:33  Orbital Command  
  192  13:37  Marauder  
  192  13:38  SCV  
  192  13:39  Marauder  
  159  13:41  Viking  
  159  13:43  Marine  
  159  13:47  Marine  
  142  13:51  Ghost Academy  
  142  13:53  Marine  
  142  13:54  Marine  
  144  13:58  SCV x2  
  144  13:59  SCV  
  144  14:02  SCV  
  148  14:07  Marine x2  
  148  14:08  Marauder  
  152  14:10  SCV  
  152  14:12  Viking  
  155  14:21  Ghost  
  155  14:22  Ghost  
  159  14:26  Viking  
  159  14:29  Terran Ship Weapons Level 2  
  161  14:34  Viking  
  161  14:35  SCV  
  161  14:36  SCV  
  161  14:37  SCV  
  166  14:40  SCV  
  166  14:42  Viking  
  166  14:44  Marine  
  169  14:47  SCV  
  169  14:49  Planetary Fortress  
  169  14:50  SCV  
  171  14:56  Viking  
  173  15:00  Viking, Missile Turret  
  173  15:03  SCV  
  176  15:08  SCV x2  
  176  15:10  Ghost  
  176  15:12  Missile Turret  
  180  15:14  Viking  
  180  15:16  Ghost  
  180  15:20  Fusion Core, Enhanced Shockwaves  
  184  15:25  Viking  
  184  15:27  Marauder  
  184  15:29  Marauder  
  184  15:31  Viking  
  184  15:33  Viking  
  185  15:41  Marine x2  
  187  15:43  Marine  
  187  15:44  Marine, Viking  
  187  15:46  Marauder  
  187  15:48  Marine, Marauder  
  180  15:50  Marine  
  180  15:56  Marine  
  124  16:37  Widow Mine  
  124  16:38  Command Center  
  117  16:48  Viking  
  118  17:00  Barracks  
  118  17:01  SCV, Barracks  
  118  17:02  Barracks x2  
  113  17:26  SCV  
  110  17:40  SCV  
  108  17:51  Barracks Tech Lab x2  
  108  17:52  SCV, Barracks Tech Lab  
  108  17:54  Supply Depot  
  108  17:58  Barracks Tech Lab  
  108  18:04  SCV  
  108  18:10  Marauder x2  
  108  18:11  Marauder  
  114  18:16  SCV  
  110  18:27  Marauder  
  110  18:31  Marine  
  113  18:34  Marauder  
  113  18:36  SCV  
  113  18:39  Marauder  
  116  18:50  SCV  
  116  18:55  Supply Depot  
  117  19:04  Supply Depot, Orbital Command  
  111  19:30  Supply Depot  
Show
View Real Time Build Order
Export as new Build Order

MaxPax Protoss 

Build Orders: 1 Gate Expand, Phoenix Opening 

Get SALT Encoding   

  12  0:00  Probe  
  13  0:12  Probe  
  14  0:16  Pylon  
  14  0:24  Probe (Chrono Boost)  
  16  0:36  Probe (Chrono Boost)  
  16  0:37  Gateway  
  16  0:43  Probe (Chrono Boost)  
  16  0:46  Assimilator  
  17  0:50  Probe  
  18  1:03  Probe  
  19  1:15  Probe  
  20  1:23  Nexus  
  20  1:34  Cybernetics Core  
  20  1:39  Assimilator  
  20  1:42  Probe  
  21  1:51  Pylon  
  21  1:54  Probe  
  22  2:06  Probe  
  22  2:08  Stalker (Chrono Boost)  
  25  2:18  Probe  
  25  2:21  Stargate  
  26  2:28  Stalker (Chrono Boost)  
  26  2:30  Probe  
  26  2:36  Probe  
  30  2:40  Warp Gate  
  31  2:44  Probe (Chrono Boost)  
  31  2:48  Probe (Chrono Boost)  
  34  2:59  Probe x2 (Chrono Boost)  
  34  3:01  Gateway  
  34  3:07  Phoenix (Chrono Boost), Probe  
  34  3:09  Probe  
  38  3:19  Probe  
  39  3:21  Probe  
  38  3:29  Phoenix (Chrono Boost)  
  38  3:31  Probe  
  38  3:33  Probe  
  42  3:34  Gateway  
  42  3:36  Pylon  
  42  3:43  Probe  
  42  3:47  Phoenix (Chrono Boost), Probe  
  46  3:55  Probe  
  47  3:59  Probe  
  48  4:04  Nexus  
  48  4:09  Phoenix (Chrono Boost), Probe  
  49  4:12  Pylon  
  51  4:19  Probe  
  51  4:22  Probe  
  51  4:23  Twilight Council  
  53  4:25  Assimilator  
  53  4:31  Probe  
  54  4:33  Phoenix  
  54  4:35  Probe  
  58  4:47  Zealot, Probe  
  58  4:49  Zealot  
  58  4:50  Pylon  
  62  4:55  Shield Battery  
  62  4:58  Pylon  
  62  5:08  Phoenix, Probe x2  
  62  5:09  Charge (Chrono Boost)  
  66  5:16  Probe  
  66  5:20  Gateway, Probe x2  
  69  5:27  Gateway  
  69  5:28  Gateway, Probe  
  70  5:33  Assimilator, Phoenix, Probe x2  
  74  5:40  Zealot x3, Probe  
  81  5:44  Pylon  
  81  5:47  Shield Battery  
  81  5:50  Probe  
  81  5:54  Probe  
  83  5:57  Robotics Facility  
  83  6:01  Sentry  
  83  6:02  Sentry  
  83  6:03  Zealot  
  89  6:05  Phoenix  
  89  6:06  Probe  
  89  6:07  Probe  
  89  6:08  Probe  
  89  6:10  Gateway  
  94  6:11  Forge  
  94  6:19  Gateway  
  94  6:22  Zealot x2  
  94  6:34  Zealot x3  
  94  6:38  Pylon x2  
  100  6:41  Phoenix  
  86  7:05  Zealot x4  
  86  7:06  Phoenix (Chrono Boost)  
  86  7:07  Observer (Chrono Boost)  
  89  7:10  Protoss Ground Armor Level 1 (Chrono Boost)  
  89  7:14  Robotics Facility  
  89  7:15  Robotics Bay  
  89  7:18  Zealot x4  
  95  7:23  Phoenix (Chrono Boost)  
  97  7:30  Zealot x4  
  97  7:33  Pylon  
  105  7:44  Assimilator  
  105  7:54  Pylon, Zealot x4  
  105  7:57  Pylon  
  121  8:05  Zealot x2  
  121  8:06  Colossus (Chrono Boost)  
  121  8:08  Zealot x2  
  121  8:11  Pylon, Colossus (Chrono Boost)  
  124  8:14  Zealot x2  
  124  8:15  Zealot x2  
  124  8:16  Phoenix (Chrono Boost)  
  126  8:20  Probe x2  
  126  8:22  Probe  
  129  8:32  Phoenix  
  129  8:36  Nexus  
  129  8:37  Pylon  
  129  8:41  Colossus (Chrono Boost)  
  131  8:48  Zealot x3  
  149  9:04  Extended Thermal Lance  
  149  9:11  Protoss Ground Weapons Level 1 (Chrono Boost), Colossus (Chrono Boost), Zealot x3  
  155  9:17  Shield Battery, Sentry  
  155  9:19  Pylon  
  155  9:29  Colossus (Chrono Boost)  
  153  9:40  Photon Cannon  
  145  9:55  Phoenix  
  145  9:57  Probe x3  
  149  10:06  Zealot x4  
  153  10:08  Observer  
  153  10:16  Zealot x4  
  156  10:29  Phoenix  
  156  10:35  Observer  
  150  10:42  Zealot x2  
  150  10:43  Zealot x5  
  150  10:53  Probe x2  
  150  10:54  Blink (Chrono Boost)  
  146  11:01  Phoenix  
  128  11:26  Phoenix  
  128  11:29  Colossus x2 (Chrono Boost), Zealot x8  
  157  11:40  Protoss Ground Weapons Level 2 (Chrono Boost)  
  155  11:47  Probe  
  155  11:48  Probe x3  
  155  11:50  Phoenix  
  160  11:55  Photon Cannon  
  160  12:00  Probe x2  
  161  12:02  Probe  
  161  12:03  Probe  
  161  12:05  Assimilator  
  162  12:08  Assimilator  
  162  12:10  Stalker x6  
  174  12:15  Phoenix  
  176  12:27  Pylon  
  176  12:29  Photon Cannon  
  176  12:30  Pylon  
  176  12:33  Photon Cannon  
  180  12:42  Forge, Disruptor (Chrono Boost)  
  180  12:43  Disruptor (Chrono Boost)  
  176  13:03  Stalker x4  
  184  13:08  Pylon  
  184  13:09  Photon Cannon  
  184  13:10  Disruptor  
  185  13:13  Photon Cannon  
  181  13:21  Stalker x2  
  181  13:22  Stalker x2  
  179  13:39  Zealot x4  
  167  13:44  Disruptor (Chrono Boost)  
  143  13:50  Disruptor (Chrono Boost), Zealot x3  
  146  14:03  Shield Battery  
  146  14:09  Pylon  
  146  14:11  Shield Battery  
  146  14:14  Stalker x2, Zealot  
  146  14:15  Zealot x4  
  156  14:19  Disruptor (Chrono Boost)  
  160  14:35  Disruptor (Chrono Boost)  
  155  14:48  Observer (Chrono Boost)  
  155  14:52  Stalker x7  
  170  15:06  Dark Shrine  
  166  15:07  Zealot  
  166  15:08  Pylon  
  168  15:24  Nexus  
  165  15:30  Zealot x2  
  165  15:31  Zealot x4  
  166  15:49  Zealot x2  
  166  15:58  Dark Shrine  
  161  16:07  Zealot x4  
  153  16:21  Pylon  
  125  17:13  Nexus  
  117  17:25  Pylon  
  117  17:30  Observer  
  97  18:33  Gateway  
  91  19:12  Nexus  

Tags
 
Add a new tag
Caveats
  • Supply blocks, unpowered buildings, or Contaminate may cause inaccurate times.
  • Supply counts are checked every 10 seconds.